AoeStats
← Ahazeuyfe

Black Forest

509179101Analyzed
4v4 RM · 6d ago on Sep 25, 2026· 60m 35s· 8 players
Game mode
Random Map
Map size
Large (8 player)
Population
200
Speed
Normal
Resources
Standard
Victory
Conquest
Starting age
Dark Age
Ending age
Imperial Age
RankedLock teamsTeams togetherTeam positionsShared explorationLock speedFull tech treeHidden civsTurbo modeCheats
Victory
Defeat
🇵🇱 Bohemians · Poland
880
+12
🇩🇪 Burgundians · Germany
865
+12
🇲🇽 Georgians · Mexico
862
+13
🇮🇹 Britons · Italy
810
+15
🇫🇷 Danes · France
876
-17
🇫🇷 Britons · France
848
-15
🇫🇷 Franks · France
735
-11
🇫🇷 Slavs · France
682
-9
raul_ruizv
1:03 Loom
20:52 Feudal Age
21:28 Double-Bit Axe
21:39 Horse Collar
33:07 Castle Age
33:38 Gold Mining
33:42 Stone Mining
34:03 Bow Saw
33:55 Heavy Plow
38:16 Sanctity
39:54 Bloodlines
39:45 Husbandry
39:52 Scale Barding Armor
39:58 Forging
40:38 Stone Shaft Mining
40:57 Redemption
40:59 Fervor
48:19 Imperial Age
49:24 Block Printing
49:53 Theocracy
51:16 Elite Monaspa
52:19 Chain Barding Armor
52:35 Iron Casting
Special Air (SAS)
11:26 Feudal Age
12:24 Man-at-Arms
21:38 Horse Collar
25:58 Castle Age
25:04 Double-Bit Axe
26:19 Wheelbarrow
25:48 Padded Archer Armor
28:18 Heavy Plow
29:26 Leather Archer Armor
29:33 Hand Cart
29:34 Bow Saw
30:31 Chemistry
35:36 Imperial Age
33:27 Forging
33:18 Scale Mail Armor
35:42 Iron Casting
35:23 Chain Mail Armor
38:18 Ballistics
39:11 Caravan
40:06 Conscription
40:14 Loom
42:40 Houfnice
44:30 Elite Hussite Wagon
46:06 Ring Archer Armor
45:28 Fletching
46:38 Blast Furnace
46:09 Plate Mail Armor
47:05 Pikeman
47:47 Squires
47:32 Arson
49:28 Siege Engineers
49:35 Masonry
50:35 Two-Man Saw
50:23 Halberdier
54:49 Bodkin Arrow
55:29 Architecture
55:30 Wagenburg Tactics
57:58 Coinage
57:47 Guilds
59:54 Banking
~Giulia~
0:30 Loom
11:03 Feudal Age
11:37 Double-Bit Axe
11:40 Town Watch
15:15 Horse Collar
15:52 Fletching
21:50 Castle Age
20:11 Gold Mining
20:41 Stone Mining
21:31 Padded Archer Armor
21:51 Crossbowman
22:51 Bodkin Arrow
24:13 Elite Skirmisher
33:46 Imperial Age
31:54 Wheelbarrow
33:14 Treadmill Crane
33:30 Murder Holes
33:55 Ballistics
34:39 Bracer
35:59 Hand Cart
36:53 Warwolf
38:57 Masonry
39:05 Bow Saw
38:57 Heavy Plow
38:36 Elite Longbowman
39:37 Conscription
41:16 Gold Shaft Mining
41:50 Yeomen
44:00 Hoardings
45:24 Leather Archer Armor
49:00 Siege Engineers
50:06 Two-Man Saw
54:30 Town Patrol
58:35 Architecture
58:19 Forging
58:10 Scale Mail Armor
58:45 Ring Archer Armor
58:26 Forging
58:16 Scale Mail Armor
59:20 Sappers
59:36 Pikeman
ben00mon
0:31 Loom
11:58 Feudal Age
11:18 Horse Collar
12:41 Wheelbarrow
14:07 Double-Bit Axe
19:28 Castle Age
17:33 Heavy Plow
19:36 Bow Saw
23:44 Two-Man Saw
22:50 Fletching
25:01 Hand Cart
32:28 Imperial Age
30:40 Gold Mining
30:41 Stone Mining
31:29 Crop Rotation
31:52 Town Watch
32:42 Ballistics
34:10 Chemistry
33:48 Burgundian Vineyards
34:42 Caravan
35:27 Gold Shaft Mining
35:30 Stone Shaft Mining
37:03 Pikeman
39:14 Bodkin Arrow
39:21 Padded Archer Armor
39:02 Elite Coustillier
43:27 Leather Archer Armor
43:13 Bracer
46:43 Capped Ram
52:55 Scale Barding Armor
53:00 Forging
52:49 Murder Holes
53:05 Fortified Wall
53:38 Halberdier
54:19 Squires
54:05 Arson
54:44 Chain Barding Armor
54:24 Scale Mail Armor
60:12 Light Cavalry
Triton
0:35 Loom
19:51 Feudal Age
24:19 Double-Bit Axe
24:19 Horse Collar
24:34 Gold Mining
36:03 Castle Age
37:45 Bow Saw
37:38 Heavy Plow
38:36 Gold Shaft Mining
42:03 Fletching
42:14 Padded Archer Armor
43:16 Bodkin Arrow
44:31 Leather Archer Armor
44:40 Ballistics
48:42 Forging
49:42 Yeomen
Merlouche
1:54 Loom
13:47 Feudal Age
18:27 Double-Bit Axe
18:24 Horse Collar
22:09 Castle Age
24:30 Heavy Plow
28:25 Forging
31:02 Scale Mail Armor
31:40 Elite Skirmisher
35:06 Fletching
36:41 Iron Casting
36:22 Chain Mail Armor
36:23 Gold Mining
36:29 Stone Mining
38:12 Bodkin Arrow
38:50 Hamask
38:58 Hamask
39:52 Padded Archer Armor
41:16 Squires
41:02 Arson
43:09 Ballistics
43:00 Masonry
42:45 Murder Holes
44:00 Thumb Ring
48:14 Imperial Age
48:19 Wheelbarrow
47:30 Town Watch
50:05 Blast Furnace
49:54 Hand Cart
Lorbyron
13:02 Feudal Age
13:34 Double-Bit Axe
15:23 Wheelbarrow
15:12 Gold Mining
21:59 Castle Age
20:44 Stone Mining
24:34 Bow Saw
25:24 Crossbowman
26:08 Husbandry
26:11 Padded Archer Armor
26:01 Fletching
26:17 Scale Barding Armor
33:33 Murder Holes
38:16 Imperial Age
36:06 Hand Cart
35:39 Town Watch
36:19 Scale Mail Armor
36:38 Forging
37:39 Gold Shaft Mining
37:32 Chain Mail Armor
37:54 Ballistics
38:50 Caravan
38:33 Elite Throwing Axeman
38:38 Ordonnance Companies
38:40 Cavalier
41:33 Conscription
41:48 Plate Mail Armor
41:18 Pikeman
41:59 Squires
45:55 Chemistry
45:01 Siege Engineers
44:22 Elite Skirmisher
45:46 Onager
45:53 Halberdier
50:59 Leather Archer Armor
50:39 Bodkin Arrow
51:21 Iron Casting
51:06 Chain Barding Armor
Ahazeuyfe
12:01 Feudal Age
11:07 Loom
14:00 Double-Bit Axe
14:00 Horse Collar
17:28 Town Watch
18:18 Wheelbarrow
20:26 Stone Mining
23:24 Castle Age
23:17 Wheelbarrow
22:49 Scale Mail Armor
25:33 Bow Saw
25:26 Heavy Plow
25:46 Hand Cart
25:31 Town Patrol
28:37 Gold Mining
36:12 Imperial Age
36:34 Caravan
39:04 Detinets
39:40 Hoardings
40:06 Heavy Scorpion
41:21 Squires
40:41 Pikeman
42:11 Halberdier
46:11 Scale Barding Armor
46:17 Forging
46:24 Chain Mail Armor
47:14 Druzhina
51:08 Elite Skirmisher
53:49 Padded Archer Armor
53:40 Fletching
56:47 Chemistry
56:11 Bodkin Arrow
56:31 Leather Archer Armor
56:39 Heavy Cavalry Archer
Connection lost

Rejoining the realm…

Still unreachable

The connection could not be restored.

Session expired

The server has moved on; the page needs a fresh start.